 Dungeon Crawl Stone Soup version 0.30-a0-578-gdee14c521f (webtiles) character file.

Game seed: 11946953593120650732

29992 drugrobin the Basher (level 12, -7/110 HPs)
             Began as a Demigod Delver on Jan 1, 2023.
             Mangled by a seven-headed hydra (13 damage)
             ... on level 4 of the Lair of Beasts.
             The game lasted 01:02:25 (16565 turns).

drugrobin the Basher (Demigod Delver)              Turns: 16565, Time: 01:02:25

Health: -7/110     AC: 14    Str: 25    XL:     12   Next: 87%
Magic:  28/28      EV: 11    Int: 16    God:
Gold:   2058       SH:  0    Dex: 15    Spells: 8/27 levels left

rFire   . . .      SeeInvis .    a - +2 flail (holy)
rCold   . . .      Faith    .    (no shield)
rNeg    + . .      Spirit   .    j - +0 scale mail of Atheism {rPois rN+ Will+}
rPois   +          Reflect  .    G - +1 helmet
rElec   .          Harm     .    (no cloak)
rCorr   .          Rampage  .    (no gloves)
Will    ++...                    R - +0 pair of boots
Stlth   +                        m - amulet of regeneration
HPRegen 1.18/turn                f - +4 ring of slaying
MPRegen 0.21/turn                x - +4 ring of protection

@: no status effects
A: high MP 1, forlorn, divine attributes
a: no special abilities


You were on level 4 of the Lair of Beasts.
You visited 2 branches of the dungeon, and saw 15 of its levels.
You also visited: Sewer.

You collected 2694 gold pieces.
You spent 636 gold pieces at shops.

Inventory:

Hand Weapons
 a - a +2 flail of holy wrath (weapon)
 b - a +1 dagger of venom
 c - the +10 arbalest of Conflict {heavy, rPois Will+ Int+4}
   (You found it on level 9 of the Dungeon)

   Any ammunition fired from it deals dramatically more damage, but attacks with
   it are much slower.
   Int:       It affects your intelligence (+4).
   rPois:     It protects you from poison.
   Will:      It increases your willpower.
 d - a +2 whip of freezing
 t - a +2 antimagic mace
Missiles
 w - 11 poisoned darts
Armour
 j - the +0 scale mail of Atheism (worn) {rPois rN+ Will+}
   (You found it in a sewer)

   rPois:     It protects you from poison.
   rN:        It protects you from negative energy.
   Will:      It increases your willpower.
 y - +0 acid dragon scales
 F - a +0 scale mail of cold resistance
 G - a +1 helmet (worn)
 R - a +0 pair of boots (worn)
 X - a +0 chain mail of cold resistance
Jewellery
 f - a +4 ring of slaying (left hand)
 m - an amulet of regeneration (around neck)
 x - a +4 ring of protection (right hand)
 J - the ring of Terop {rF++ rC+ Will+ Dex+6}
   (You found it on level 3 of the Dungeon)

   [ring of dexterity]

   Dex:       It affects your dexterity (+6).
   rF:        It greatly protects you from fire.
   rC:        It protects you from cold.
   Will:      It increases your willpower.
 V - a ring of wizardry
Wands
 g - a wand of digging (9)
 i - a wand of acid (5)
 L - a wand of flame (13)
 P - a wand of roots (4)
Scrolls
 k - 2 scrolls of vulnerability
 l - 4 scrolls of magic mapping
 o - 4 scrolls of teleportation
 r - 3 scrolls of noise {unknown}
 s - a scroll of fog
 v - a scroll of poison {unknown}
 z - 2 scrolls of amnesia
 A - 3 scrolls of enchant weapon
 B - 3 scrolls of butterflies {unknown}
 D - 3 scrolls of enchant armour {unknown}
 U - a scroll of silence
Potions
 n - a potion of berserk rage
 p - a potion of flight
 q - 5 potions of cancellation
 u - 3 potions of might
 C - 5 potions of attraction
 E - 2 potions of heal wounds
 H - 3 potions of invisibility
 K - 3 potions of brilliance
 N - 5 potions of lignification
 S - a potion of haste
 W - 7 potions of curing
 Z - a potion of resistance
Miscellaneous
 e - a condenser vane (inert)
 h - a box of beasts


   Skills:
 + Level 11.1 Fighting
 - Level 14.0 Maces & Flails
 - Level 4.0 Armour
 - Level 2.0 Dodging
 - Level 4.6 Stealth
 - Level 8.0 Spellcasting
 - Level 4.0 Summonings
 - Level 4.0 Evocations


You had 8 spell levels left.
You knew the following spells:

 Your Spells              Type           Power      Damage    Failure   Level
a - Summon Small Mammal   Summ           76%        N/A       4%          1
b - Call Canine Familiar  Summ           19%        N/A       14%         3
c - Summon Guardian Gole  Hex/Summ       12%        N/A       32%         3
d - Animate Armour        Summ/Erth      24%        N/A       73%         4
e - Wereblood             Tmut           6%         N/A       36%         2
f - Summon Cactus Giant   Summ           9%         N/A       100%        6

Your spell library contained the following spells:

 Spells                   Type           Power      Damage    Failure   Level
 Apportation              Tloc           12%        N/A       26%         1
 Beastly Appendage        Tmut           12%        N/A       26%         1
 Necrotise                Necr           24%        1d5       26%         1
 Scorch                   Fire           12%        2d6       36%         2
 Spider Form              Tmut/Pois      6%         N/A       58%         3
 Stone Arrow              Conj/Erth      12%        3d7       58%         3
 Vampiric Draining        Necr           6%         2d6       58%         3
 Flame Wave               Conj/Fire      6%         2d5       94%         4
 Agony                    Necr           6%         N/A       100%        5
 Lehudib's Crystal Spear  Conj/Erth      3%         10d2      100%        8


Dungeon Overview and Level Annotations

Branches:
Dungeon (11/15)            Temple (0/1) D:5            Lair (4/5) D:8
  Swamp (0/4) Lair:3        Snake (0/4) Lair:2          Orc (0/2) D:10
  Sewer (visited)
  Slime: Lair:4-5

Annotations:
D:10 1 runed translucent door, Encipher's ghost, journeyman DjCA


Innate Abilities, Weirdness & Mutations

You have an increased reservoir of magic. (+10% MP)
You shall have no god before yourself.
Your divine heritage dramatically boosts your attributes as you level up.


Message History

Unknown command.
Unknown command.
Unknown command.
Unknown command.
You sock the seven-headed hydra!
The seven-headed hydra is severely wounded.
The seven-headed hydra bites you but does no damage. x3
The seven-headed hydra bites you.
* * * LOW HITPOINT WARNING * * *
The seven-headed hydra bites you.
* * * LOW HITPOINT WARNING * * *
The seven-headed hydra barely misses you.
The seven-headed hydra bites you!
* * * LOW HITPOINT WARNING * * *
Unknown command.
Unknown command.
Unknown command.
You thump the seven-headed hydra!
The seven-headed hydra is severely wounded.
The seven-headed hydra barely misses you.
The seven-headed hydra closely misses you.
The seven-headed hydra bites you but does no damage.
The seven-headed hydra bites you.
* * * LOW HITPOINT WARNING * * *
The seven-headed hydra completely misses you.
The seven-headed hydra bites you.
* * * LOW HITPOINT WARNING * * *
The seven-headed hydra bites you but does no damage.
Unknown command.
Unknown command.
You sock the seven-headed hydra!
The seven-headed hydra is almost dead.
Unknown command.
Unknown command.
Unknown command.
Unknown command.
You barely miss the seven-headed hydra.
The seven-headed hydra is almost dead.
The seven-headed hydra bites you!
You die...

.......... .......!..
....... .........
.......... .......
......... #....
......... #..# ##
...[..... #.P#
#.####........ #.##
##............ #.##
##.D@..........
#.P###..####........
##..##...# #P........
#...##..####.........
##P....###...........
#########........)..
##............
#..............
###..............#


You could see a seven-headed hydra.

Vanquished Creatures
  2 hydras
  A two-headed ogre (D:11)
  Erica (D:8)
  3 death yaks
  Urug (D:10)
  A flayed ghost (D:9)
  A bog body (Lair:3)
  Pikel (D:5)
  A manticore (D:11)
  3 elephants (Lair:3)
  2 black mambas
  Joseph (D:9)
  4 cane toads
  3 rime drakes
  3 komodo dragons
  2 trolls
  4 blink frogs (Lair:1)
  A hornet (D:9)
  Prince Ribbit (D:8)
  3 wyverns
  38 yaks
  3 shadows
  4 fire bats (D:9)
  2 vampires (D:9)
  2 basilisks
  5 wraiths
  Eustachio (D:5)
  A steam dragon (D:8)
  Menkaure (D:5)
  2 acid dragons (D:8)
  Edmund (D:5)
  6 water moccasins
  Duvessa (D:5)
  6 orc warriors
  4 wolves
  A phantom (D:6)
  3 lemures
  A kobold brigand (D:8)
  3 nameless horrors
  12 bullfrogs
  5 necrophages
  A gnoll sergeant (D:7)
  3 scorpions
  Dowan (D:5)
  17 killer bees
  2 electric eels (Lair:2)
  3 howler monkeys
  2 jellies
  A hound (D:4)
  7 orc priests
  3 iguanas
  10 orc wizards
  Robin (D:3)
  15 gnolls
  5 adders
  A shadow imp (D:7)
  A white imp (D:7)
  2 ufetubi
  3 worms
  5 dart slugs
  25 orcs
  23 ball pythons
  17 endoplasms
  10 giant cockroaches
  21 goblins
  5 hobgoblins
  8 jackals
  12 kobolds
  8 quokkas
  10 bats
  10 frilled lizards
  4 rats
377 creatures vanquished.

Vanquished Creatures (collateral kills)
  2 cyclopes (D:11)
  A cane toad (Lair:3)
  3 yaks (Lair:2)
  Grum (D:8)
  A killer bee (D:7)
  An orc (D:7)
9 creatures vanquished.

Vanquished Creatures (others)
  A cane toad (Lair:2)
  A blink frog (Lair:1)
  3 yaks (D:11)
  2 basilisks
  4 water moccasins
  An orc (D:6)
  20 fungi
  16 plants
48 creatures vanquished.

Grand Total: 434 creatures vanquished

Notes
Turn   | Place    | Note
-------+----------+-------------------------------------------
     0 | D:5      | drugrobin the Demigod Delver began the quest for the Orb.
     0 | D:5      | Reached XP level 1. HP: 18/18 MP: 3/3
    11 | D:5      | Noticed Menkaure
    31 | D:4      | Reached skill level 2 in Maces & Flails
    42 | D:4      | Reached XP level 2. HP: 22/25 MP: 4/4
    77 | D:4      | Noticed a necrophage
    93 | D:4      | Killed a necrophage
    94 | D:4      | Reached skill level 3 in Maces & Flails
    94 | D:4      | Reached XP level 3. HP: 14/30 MP: 5/5
   118 | D:4      | Identified the +0 helmet "Uggiadgh" {Harm *Corrode +Inv}
   204 | D:5      | Found a glowing drain.
   213 | Sewer    | Entered a sewer
   367 | Sewer    | Reached XP level 4. HP: 37/37 MP: 6/6
   500 | Sewer    | Reached skill level 4 in Maces & Flails
   888 | Sewer    | Noticed a bullfrog
   888 | Sewer    | Noticed a bullfrog
   913 | Sewer    | Killed a bullfrog
   914 | Sewer    | Reached skill level 5 in Maces & Flails
   914 | Sewer    | Reached XP level 5. HP: 20/44 MP: 7/7
   930 | Sewer    | HP: 2/44 [frozen (3)]
  1065 | Sewer    | Identified the +0 scale mail of Atheism {rPois rN+ Will+}
  1325 | D:4      | Reached XP level 6. HP: 7/50 MP: 8/8
  1503 | D:4      | Reached skill level 6 in Maces & Flails
  2068 | D:3      | Noticed Robin
  2111 | D:3      | Killed Robin
  2443 | D:1      | Learned a level 1 spell: Summon Small Mammal
  3855 | D:3      | Identified the ring of Terop {rF++ rC+ Will+ Dex+6}
  4496 | D:5      | Reached skill level 1 in Spellcasting
  4522 | D:5      | Learned a level 3 spell: Call Canine Familiar
  4526 | D:5      | Learned a level 3 spell: Summon Guardian Golem
  4616 | D:5      | Killed Menkaure
  4617 | D:5      | Reached skill level 7 in Maces & Flails
  4617 | D:5      | Reached skill level 1 in Summonings
  4617 | D:5      | Reached XP level 7. HP: 28/56 MP: 11/11
  4780 | D:5      | Noticed Edmund
  4781 | D:5      | Found a staircase to the Ecumenical Temple.
  4830 | D:5      | Killed Edmund
  4974 | D:5      | Noticed Duvessa
  4974 | D:5      | Noticed Dowan
  5016 | D:5      | Killed Dowan
  5027 | D:5      | Reached skill level 1 in Armour
  5076 | D:6      | Noticed Pikel
  5172 | D:5      | Killed Pikel
  5173 | D:5      | Reached skill level 8 in Maces & Flails
  5173 | D:5      | Reached XP level 8. HP: 53/62 MP: 13/13
  5309 | D:5      | Killed Duvessa
  6064 | D:6      | Noticed Eustachio
  6084 | D:5      | Killed Eustachio
  6085 | D:5      | Reached skill level 9 in Maces & Flails
  6621 | D:7      | Reached XP level 9. HP: 70/70 MP: 14/14
  6783 | D:7      | Reached skill level 1 in Evocations
  7113 | D:7      | an acid dragon changed into a rime drake
  7113 | D:7      | Noticed a rime drake
  7138 | D:7      | Killed a rime drake
  7473 | D:7      | Learned a level 4 spell: Animate Armour
  7587 | D:8      | Noticed Erica
  7587 | D:8      | Noticed Grum
  7860 | D:8      | Noticed Prince Ribbit
  7872 | D:8      | Killed Prince Ribbit
  7873 | D:8      | Reached skill level 10 in Maces & Flails
  8084 | D:7      | Reached skill level 5 in Fighting
  8156 | D:8      | Killed Grum
  8229 | D:8      | Reached XP level 10. HP: 81/81 MP: 14/17
  8496 | D:8      | Found a staircase to the Lair.
  8921 | D:8      | Killed Erica
  9394 | D:9      | Noticed Joseph
  9412 | D:9      | Killed Joseph
  9413 | D:9      | Reached skill level 11 in Maces & Flails
  9481 | D:9      | Found a runed translucent door.
 10037 | D:9      | Learned a level 2 spell: Wereblood
 10197 | D:9      | Noticed a flayed ghost
 10204 | D:9      | Killed a flayed ghost
 10216 | D:9      | Identified the +10 arbalest of Conflict {heavy, rPois Will+
                  | Int+4}
 10293 | D:10     | Entered Level 10 of the Dungeon
 10416 | D:10     | Reached XP level 11. HP: 80/91 MP: 21/21
 10601 | D:10     | Found a staircase to the Orcish Mines.
 10601 | D:10     | Noticed Urug
 10628 | D:10     | Killed Urug
 10629 | D:10     | Reached skill level 12 in Maces & Flails
 10744 | D:10     | Reached skill level 5 in Spellcasting
 10827 | D:10     | Noticed Encipher's ghost (journeyman DjCA)
 10828 | D:10     | Found a runed translucent door.
 11107 | D:11     | Found Peyrauh's Distillery.
 11115 | D:11     | Bought a potion of degeneration for 12 gold pieces
 11115 | D:11     | Bought a potion of attraction for 36 gold pieces
 11115 | D:11     | Bought a potion of resistance for 120 gold pieces
 11115 | D:11     | Bought a potion of brilliance for 48 gold pieces
 11115 | D:11     | Bought 2 potions of invisibility for 192 gold pieces
 11117 | D:11     | Identified 2 scrolls of acquirement
 11118 | D:11     | Acquired 843 gold pieces
 11119 | D:11     | Acquired 1092 gold pieces
 11123 | D:11     | Bought a potion of curing for 36 gold pieces
 11123 | D:11     | Bought a potion of heal wounds for 60 gold pieces
 11123 | D:11     | Bought a potion of heal wounds for 60 gold pieces
 11123 | D:11     | Bought 2 potions of curing for 72 gold pieces
 11306 | D:11     | Learned a level 6 spell: Summon Cactus Giant
 11480 | D:11     | Noticed a two-headed ogre
 11818 | D:11     | Killed a two-headed ogre
 12321 | Lair:1   | Entered Level 1 of the Lair of Beasts
 12358 | D:8      | Reached skill level 13 in Maces & Flails
 13330 | Lair:2   | Reached XP level 12. HP: 22/103 MP: 21/26
 13431 | Lair:2   | Noticed a five-headed hydra
 13476 | Lair:2   | Killed a five-headed hydra
 13533 | Lair:2   | Reached skill level 14 in Maces & Flails
 14055 | Lair:2   | Found a staircase to the Snake Pit.
 14541 | Lair:3   | Noticed a six-headed hydra
 14564 | Lair:3   | Killed a six-headed hydra
 14724 | Lair:3   | Found a staircase to the Swamp.
 15349 | Lair:3   | Reached skill level 10 in Fighting
 16541 | Lair:4   | Noticed a seven-headed hydra
 16563 | Lair:4   | HP: 4/110 [seven-headed hydra (2)]
 16565 | Lair:4   | Mangled by a seven-headed hydra

Illustrated notes

Levels and vault maps discovered:
D:1:      lightli_arrival_flooded_house, layout_loops_cross,
          minmay_misc_feat_doors, minmay_crystal_water
D:2:      layout_rooms, nicolae_ecumenical_snake_handling
D:3:      layout_basic, nicolae_overflow_two_pavilions, hangedman_decor_push,
          uniq_robin
D:4:      layout_gridville, mainiacjoe_overflow_alcove_1, serial_forest,
          infiniplex_forest_straight_2, infiniplex_forest_straight_3,
          infiniplex_forest_lined_3, infiniplex_forest_straight_2,
          infiniplex_forest_fountain
D:5:      layout_rooms, minmay_temple_entry_waves, cheibrodos_sewer_entry_bend,
          uniq_duvessa, uniq_menkaure, uniq_edmund
D:6:      layout_layer_cave, uniq_eustachio, uniq_pikel
D:7:      layout_rooms, nzn_wu_jian_council_hall
D:8:      layout_cave_pods, nemelex_spade_bored_becter, lair_entry_dummy,
          uniq_prince_ribbit1, uniq_erica, uniq_grum
D:9:      due_megacathedral, layout_gridville, uniq_joseph
D:10:     layout_roguey, mainiacjoe_overflow_alcove_2, tso_oasis_becter,
          orc_0_dummy, hellmonk_ghost_happy_afterlife, kennysheep_nub, uniq_urug
D:11:     layout_irregular_city, serial_shops, nicolae_square_shop
Lair:1:   layout_layer_cave, chequers_serial_rivers_micro_e
Lair:2:   layout_regular_city, dummy_snake_entry, minivault_24,
          roderic_carrion_pond, lemuel_fruit_tree, serial_bayou_shore_a
Lair:3:   layout_regular_city, skrybe_swamp_entry_bodies
Lair:4:   layout_layer_cave

Skill      XL: |  1  2  3  4  5  6  7  8  9 10 11 12 |
---------------+-------------------------------------+-----
Maces & Flails | 2 3 5 7 8 9 10 11 13 14 | 14.0
Dodging        | 2 |  2.0
Spellcasting   | 1 2 4 6 8 |  8.0
Summonings     | 1 3 4 |  4.0
Armour         | 2 4 |  4.0
Fighting       | 3 5 6 8 11 | 11.1
Evocations     | 4 |  4.0
Stealth        | |  4.6

Action                   |  1- 3 |  4- 6 |  7- 9 | 10-12 || total
-------------------------+-------+-------+-------+-------++-------
Melee: Mace              |    38 |   354 |       |       ||   392
       Punch             |     1 |     4 |    11 |    20 ||    36
       Whip              |       |    50 |    96 |    68 ||   214
       Rapier            |       |     7 |       |       ||     7
       Flail             |       |     2 |   359 |   649 ||  1010
       Dagger            |       |       |    63 |   123 ||   186
 Fire: Sling             |       |       |     2 |       ||     2
       Arbalest          |       |       |       |     6 ||     6
Throw: Stone             |       |     6 |       |       ||     6
       Dart              |       |       |     7 |     7 ||    14
       Throwing net      |       |       |     3 |       ||     3
 Cast: Summon Small Mamm |       |       |    17 |    43 ||    60
       Call Canine Famil |       |       |     3 |    23 ||    26
       Summon Guardian G |       |       |       |    10 ||    10
Evoke: Wand              |       |     1 |    13 |    16 ||    30
       Condenser vane    |       |       |       |     1 ||     1
  Use: Scroll            |     1 |     1 |     5 |    12 ||    19
       Potion            |       |     2 |     4 |     1 ||     7
 Stab: Sleeping          |     1 |     2 |     2 |     1 ||     6
       Distracted        |       |     2 |       |     3 ||     5
       Invisible         |       |       |     1 |       ||     1
       Held in net/web   |       |       |     1 |       ||     1
       Confused          |       |       |       |     1 ||     1
Armor: Leather armour    |    11 |    34 |       |       ||    45
       Scale mail        |       |   102 |   153 |   341 ||   596
       Acid dragon scale |       |       |       |     2 ||     2
Dodge: Dodged            |    34 |   262 |   429 |   568 ||  1293

Table legend: (Time is in decaauts)
 A = Elapsed time spent in this place.
 B = Non-inter-level travel time spent in this place.
 C = Inter-level travel time spent in this place.
 D = Time resting spent in this place.
 E = Time spent auto-exploring this place.
 F = Levels seen in this place.
 G = Mean time per level.
                   A        B        C        D        E       F      G
               +--------+--------+--------+--------+--------+-----+--------+
         Total |  16528 |  15444 |   1084 |   1042 |   8950 |  16 | 1033.0 |
       Dungeon |  11440 |  10695 |    745 |    599 |   6479 |  11 | 1040.0 |
          Lair |   4058 |   3720 |    338 |    213 |   2359 |   4 | 1014.5 |
         Sewer |   1030 |   1030 |      0 |    230 |    111 |   1 | 1030.0 |
               +--------+--------+--------+--------+--------+-----+--------+

Top non-repeatable levels by time:
  Lair:3: 1461 daAuts
  Lair:2: 1422 daAuts
     D:9: 1329 daAuts
     D:8: 1279 daAuts
     D:7: 1202 daAuts
     D:4: 1199 daAuts
     D:5: 1137 daAuts
     D:6: 1133 daAuts
     D:3: 1094 daAuts
    D:11: 1049 daAuts
   Sewer: 1030 daAuts
    D:10: 894 daAuts
  Lair:1: 766 daAuts
     D:1: 694 daAuts
     D:2: 425 daAuts
